Map: Dusk Towers

Players

MorN - Winner!

  • Race: Terran Terran
  • League: Master

TossNSalads

  • Race: Protoss Protoss
  • League: Diamond

VOD

Have the link to the VOD?

Description

Time

  • Played on: Nov. 22, 2015, 9:45 p.m.
  • Length: 9:57
Show
View Real Time Build Order
Export as new Build Order

MorN Terran - Winner!

Build Orders: Cyclone Opening, MMM Bio 

Get SALT Encoding   

  12  0:00  SCV  
  13  0:13  SCV  
  14  0:17  Supply Depot  
  14  0:25  SCV  
  15  0:38  SCV  
  15  0:40  Barracks  
  16  0:45  Refinery  
  16  0:50  SCV  
  17  1:03  SCV  
  18  1:15  SCV  
  19  1:28  Marine  
  19  1:30  Orbital Command  
  20  1:41  Command Center  
  20  1:51  Factory  
  20  1:54  Marine  
  20  1:59  SCV  
  22  2:07  Supply Depot  
  22  2:12  Marine  
  23  2:29  SCV  
  24  2:30  Marine  
  24  2:38  Factory Tech Lab, Barracks  
  24  2:41  SCV  
  25  2:48  Marine  
  26  2:52  Orbital Command  
  26  2:53  SCV  
  26  2:57  Cyclone  
  30  3:05  SCV  
  31  3:06  Marine  
  31  3:11  Refinery  
  32  3:13  Engineering Bay  
  32  3:17  SCV  
  32  3:19  SCV  
  33  3:38  Missile Turret  
  33  3:39  SCV  
  33  3:40  Factory Reactor  
  34  3:45  Stimpack  
  35  3:48  SCV  
  35  3:50  Barracks  
  35  3:51  Marine x2  
  35  3:55  SCV  
  38  4:00  SCV  
  39  4:04  Supply Depot  
  39  4:07  SCV  
  40  4:12  SCV  
  41  4:19  SCV  
  42  4:24  SCV  
  42  4:29  Missile Turret  
  40  4:31  SCV  
  40  4:35  Starport  
  40  4:36  Terran Infantry Weapons Level 1  
  40  4:37  SCV  
  42  4:39  Refinery  
  42  4:41  Factory Reactor  
  42  4:43  SCV  
  43  4:48  Barracks Tech Lab  
  43  4:49  SCV  
  43  4:50  Command Center  
  43  4:52  Supply Depot  
  44  4:55  SCV  
  44  4:56  Marine x2  
  44  4:58  Marauder  
  49  5:01  SCV  
  50  5:07  SCV  
  50  5:11  Refinery  
  50  5:13  SCV, Supply Depot  
  52  5:19  SCV  
  53  5:25  SCV  
  53  5:27  Medivac x2  
  57  5:32  SCV  
  57  5:33  Marine x2  
  57  5:34  Supply Depot, Marauder  
  57  5:35  Marauder  
  64  5:36  Combat Shields  
  64  5:37  SCV  
  64  5:41  Supply Depot  
  65  5:44  Factory Reactor  
  65  5:46  Supply Depot, SCV  
  66  5:52  Concussive Shells  
  66  5:53  SCV  
  67  5:59  SCV  
  67  6:02  Medivac x2  
  72  6:05  SCV  
  72  6:06  Marine x2  
  72  6:07  Marauder x2  
  72  6:11  SCV  
  80  6:17  SCV  
  81  6:21  Widow Mine x2  
  81  6:24  Marine  
  86  6:25  Supply Depot  
  86  6:27  Missile Turret  
  86  6:28  Marauder  
  85  6:37  Marine  
  85  6:38  Marauder  
  86  6:42  Marine  
  86  6:46  Barracks  
  87  6:49  Barracks, Marauder  
  84  6:55  Marine  
  84  6:59  Marine  
  84  7:00  Marine  
  83  7:04  Widow Mine  
  83  7:07  Terran Infantry Armor Level 1, SCV  
  83  7:08  SCV  
  87  7:11  Marauder  
  87  7:12  Orbital Command  
  87  7:13  Marine  
  90  7:17  Marauder  
  90  7:18  Marine  
  90  7:19  SCV  
  90  7:20  SCV  
  95  7:30  Medivac x2  
  95  7:31  SCV, Marine  
  95  7:32  SCV, Marauder  
  95  7:35  Supply Depot, Refinery x2  
  104  7:38  Marauder  
  104  7:40  Starport  
  104  7:50  Barracks Reactor, Barracks Tech Lab  
  104  7:54  Marauder  
  104  7:58  Marine x2  
  105  8:00  Marauder  
  107  8:06  Liberator x3  
  107  8:15  Marauder  
  107  8:19  Liberator  
  109  8:20  Marine x2  
  109  8:21  Marauder, Marine  
  123  8:29  Supply Depot  
  123  8:32  Armory  
  123  8:36  Supply Depot, Marine  
  123  8:38  Marine  
  123  8:39  Supply Depot, Marauder  
  126  8:45  Marine x2  
  126  8:46  Marauder  
  130  8:49  SCV x2  
  130  8:50  SCV, Supply Depot  
  130  8:53  Liberator  
  130  8:54  Marauder  
  135  9:01  SCV, Missile Turret  
  135  9:02  SCV x2  
  138  9:03  Missile Turret x2  
  138  9:08  Marine  
  138  9:09  Marauder, Marine x2  
  146  9:17  Marine  
  146  9:18  Marauder, Marine  
  150  9:27  Marine x2  
  150  9:28  Marine  
  150  9:30  SCV x2  
  150  9:31  Marauder  
  163  9:33  SCV  
  163  9:35  Supply Depot  
Show
View Real Time Build Order
Export as new Build Order

TossNSalads Protoss 

Build Orders: 1 Gate Expand 

Get SALT Encoding   

  12  0:01  Probe (Chrono Boost)  
  13  0:11  Probe (Chrono Boost)  
  14  0:25  Probe (Chrono Boost)  
  14  0:27  Pylon  
  15  0:45  Probe (Chrono Boost)  
  15  0:47  Gateway  
  16  0:55  Probe (Chrono Boost)  
  17  0:57  Assimilator  
  17  1:06  Probe (Chrono Boost)  
  18  1:17  Probe (Chrono Boost)  
  19  1:28  Probe (Chrono Boost)  
  20  1:34  Cybernetics Core  
  20  1:39  Nexus  
  20  1:43  Pylon  
  20  1:46  Probe (Chrono Boost)  
  21  1:54  Assimilator  
  21  1:57  Probe (Chrono Boost)  
  22  2:01  Pylon  
  22  2:10  Mothership Core (Chrono Boost)  
  22  2:15  Adept  
  26  2:24  Warp Gate  
  26  2:28  Probe (Chrono Boost)  
  27  2:39  Probe (Chrono Boost)  
  28  2:44  Pylon  
  28  2:50  Probe (Chrono Boost)  
  29  2:52  Robotics Facility  
  29  2:56  Probe (Chrono Boost)  
  30  3:00  Probe (Chrono Boost)  
  31  3:06  Gateway  
  31  3:10  Adept  
  33  3:13  Probe (Chrono Boost)  
  33  3:16  Probe (Chrono Boost)  
  35  3:23  Probe (Chrono Boost)  
  36  3:27  Probe (Chrono Boost)  
  37  3:35  Stargate  
  37  3:37  Probe x2 (Chrono Boost)  
  37  3:42  Observer (Chrono Boost)  
  38  3:48  Probe  
  38  3:49  Gateway  
  38  3:52  Pylon  
  38  3:54  Pylon  
  39  3:58  Probe  
  39  4:00  Probe  
  41  4:08  Immortal (Chrono Boost)  
  45  4:20  Oracle  
  45  4:23  Probe  
  48  4:29  Probe  
  46  4:35  Probe  
  47  4:40  Probe  
  47  4:41  Warp Prism (Chrono Boost)  
  50  4:47  Probe  
  50  4:49  Assimilator  
  50  4:50  Probe  
  52  4:53  Assimilator  
  52  4:57  Robotics Bay  
  52  4:59  Probe, Gateway  
  53  5:01  Probe  
  53  5:03  Forge  
  54  5:12  Probe  
  56  5:14  Probe  
  56  5:17  Forge  
  56  5:19  Pylon  
  56  5:30  Probe  
  57  5:42  Nexus  
  57  5:43  Pylon  
  57  5:45  Adept x3  
  57  5:47  Probe  
  57  5:48  Probe  
  65  5:53  Pylon  
  65  5:57  Pylon  
  65  6:01  Protoss Ground Armor Level 1  
  65  6:04  Protoss Ground Weapons Level 1  
  65  6:05  Probe  
  65  6:07  Probe  
  65  6:08  Observer (Chrono Boost)  
  68  6:17  Adept x3  
  74  6:42  Probe, Adept x3  
  74  6:44  Probe  
  82  6:49  Pylon  
  82  6:55  Photon Cannon  
  79  7:01  Probe  
  79  7:03  Probe  
  79  7:08  Pylon  
  81  7:10  Oracle  
  81  7:11  Pylon  
  81  7:12  Pylon  
  84  7:16  Disruptor (Chrono Boost)  
  87  7:31  Stalker x4  
  95  7:46  Probe  
  95  7:48  Probe  
  97  8:09  Zealot x4  
  97  8:10  Twilight Council  
  85  8:20  Probe x2  
  85  8:22  Probe  
  85  8:26  Pylon  
  88  8:27  Pylon  
  88  8:47  Probe x2, Zealot x3  
  88  8:48  Zealot  
  93  8:49  Probe  
  93  8:51  Pylon  
  93  8:55  Pylon  
  96  8:58  Photon Cannon  
  96  8:59  Photon Cannon  
  96  9:02  Photon Cannon  
  96  9:03  Photon Cannon  
  96  9:06  Photon Cannon  
  96  9:07  Gateway, Photon Cannon  
  96  9:08  Photon Cannon  
  96  9:09  Gateway, Photon Cannon  
  96  9:10  Zealot x2  
  88  9:34  Zealot x4  
  99  9:43  Photon Cannon  
  99  9:45  Photon Cannon  
Tags
 
Add a new tag
Caveats
  • Supply blocks, unpowered buildings, or Contaminate may cause inaccurate times.
  • Supply counts are checked every 10 seconds.